 Dungeon Crawl Stone Soup version 0.31.0-11-ge490571c62 (webtiles) character file.

Game seed: 2589376448638710937

7376 hikkokomori the Fighter (level 11, -2/69 (87) HPs)
             Began as a Formicid Fighter on Jan 31, 2024.
             Was an Initiate of Gozag.
             Slain by a wyvern (14 damage)
             ... on level 9 of the Dungeon.
             The game lasted 00:15:12 (8587 turns).

hikkokomori the Fighter (Formicid Fighter)          Turns: 8587, Time: 00:15:13

HP:   -2/69 (87)    AC:  8    Str: 28    XL:     11   Next: 36%
MP:   9/9           EV: 13    Int: 12    God:    Gozag
Gold: 1001          SH:  6    Dex: 13    Spells: 16/23 levels left

rFire   . . .        Q - +9 morningstar "Testudinebane" {antimagic, rCorr Str+5}
rCold   + . .        c - +1 buckler
rNeg    . . .        F - +1 robe of the Fife {^Drain +Inv Fly Archmagi}
rPois   .            (helmet unavailable)
rElec   +            B - +0 cloak
rCorr   +            k - +2 pair of gloves of Compression {+Blink}
SInv    +            v - +0 pair of boots
Will    +....        i - amulet of magic regeneration
Stlth   +++          t - ring of magical power
HPRegen 0.31/turn    x - ring of Departure {rElec rC+ rCorr Int+2}
MPRegen 0.51/turn

%: archmagi
@: gold aura, flying, heavily drained
A: permanent stasis, dig shafts and tunnels, antennae 3, four strong arms
a: Dig, Shaft Self, Renounce Religion, Evoke Invisibility, Potion Petition, Call
Merchant, Bribe Branch


You were on level 9 of the Dungeon.
You worshipped Gozag.
Gozag was most pleased with you.
You visited 1 branch of the dungeon, and saw 9 of its levels.
You also visited: Bailey.

You collected 1627 gold pieces.
You spent 552 gold pieces at shops.
You paid 74 gold pieces to Gozag.

Inventory:

Hand Weapons
 f - the +2 longbow of Xewuoth {heavy, ^Drain rPois Int+5 Dex-2}
   (You acquired it on level 3 of the Dungeon)

   Int+5:     It affects your intelligence (+5).
   Dex-2:     It affects your dexterity (-2).
   rPois:     It protects you from poison ^Drain: It drains your maximum health
   when unequipped.
 Q - the +9 morningstar "Testudinebane" (weapon) {antimagic, rCorr Str+5}
   (You took it off a gnoll sergeant in a bailey)

   Str+5:     It affects your strength (+5).
   rCorr:     It protects you from acid and corrosion.
 R - a +5 scimitar of flaming
Missiles
 m - 32 poisoned darts
 M - 2 curare-tipped darts
 N - 3 throwing nets
Armour
 b - a +0 scale mail
 c - a +1 buckler (worn)
 k - the +2 pair of gloves of Compression (worn) {+Blink}
   (You acquired it on level 3 of the Dungeon)

   +Blink:    It lets you blink.
 v - a +0 pair of boots (worn)
 B - a +0 cloak (worn)
 F - the +1 robe of the Fife (worn) {^Drain +Inv Fly Archmagi}
   (You bought it in a shop on level 3 of the Dungeon)

   +Inv:      It lets you turn invisible.
   Fly:       It grants you flight.
   ^Drain:    It drains your maximum health when unequipped.
   Archmagi:  It increases the power of your magical spells.
Jewellery
 g - an amulet of faith
 i - an amulet of magic regeneration (around neck)
 t - a ring of magical power (left hand)
 w - an amulet of reflection
 x - the ring of Departure (right hand) {rElec rC+ rCorr Int+2}
   (You found it on level 4 of the Dungeon)

   [ring of protection from cold]

   Int+2:     It affects your intelligence (+2).
   rC+:       It protects you from cold.
   rElec:     It insulates you from electricity.
   rCorr:     It protects you from acid and corrosion.
 E - a ring of fire
 J - a ring of protection from fire
Wands
 a - a wand of roots (8)
 y - a wand of digging (6)
 L - a wand of polymorph (5)
Scrolls
 e - 5 scrolls of amnesia
 h - 2 scrolls of enchant armour
 l - 2 scrolls of revelation
 n - a scroll of enchant weapon
 z - 2 scrolls of vulnerability
 D - a scroll of identify
 G - a scroll of teleportation
 K - 3 scrolls of fear
 S - 2 scrolls of noise
Potions
 d - 2 potions of might
 j - a potion of mutation
 o - 2 potions of magic
 p - a potion of ambrosia
 q - 3 potions of haste
 r - 2 potions of lignification {unknown}
 s - 2 potions of brilliance
 u - 2 potions of resistance
 A - a potion of degeneration
 C - a potion of invisibility {unknown}
 H - a potion of cancellation {unknown}
 I - 8 potions of curing
Miscellaneous
 O - a lightning rod (4/4)
 P - a tin of tremorstones (2/2)


   Skills:
 + Level 8.7 Fighting
 - Level 2.0 Axes
 + Level 6.8 Ranged Weapons
 - Level 4.1 Armour
 + Level 4.7 Dodging
 + Level 6.8 Stealth
 - Level 5.1 Shields
 + Level 6.6 Spellcasting
 + Level 4.5 Hexes
 + Level 3.7 Fire Magic
 - Level 6.1 Alchemy
 + Level 3.7 Evocations


You had 16 spell levels left.
You knew the following spells:

 Your Spells              Type           Power      Damage    Failure   Level
a - Olgreb's Toxic Radia  Alch           28%        N/A       16%         4
b - Inner Flame           Hex/Fire       20%        N/A       11%         3

Your spell library contained the following spells:

 Spells                   Type           Power      Damage    Failure   Level
 Jinxbite                 Hex            44%        N/A       4%          2
 Sting                    Conj/Alch      64%        1d7       5%          1
 Mercury Vapours          Alch/Air       32%        N/A       9%          2
 Ensorcelled Hibernation  Hex/Ice        28%        N/A       12%         2
 Apportation              Tloc           10%        N/A       21%         1
 Sticky Flame             Fire/Alch      23%        2d6       26%         4
 Lesser Beckoning         Tloc           10%        N/A       30%         2
 Alistair's Intoxication  Alch           18%        N/A       41%         5
 Gell's Gravitas          Tloc           5%         N/A       52%         3
 Ozocubu's Armour         Ice            5%         N/A       52%         3
 Summon Ice Beast         Ice/Summ       5%         N/A       52%         3
 Teleport Other           Tloc           5%         N/A       52%         3
 Flame Wave               Conj/Fire      12%        2d6       65%         4
 Metabolic Englaciation   Hex/Ice        7%         N/A       91%         5
 Summon Mana Viper        Hex/Summ       14%        N/A       91%         5
 Dispersal                Tloc           2%         N/A       100%        6
 Sculpt Simulacrum        Ice/Alch       8%         N/A       100%        6
 Monstrous Menagerie      Summ           2%         N/A       100%        7


Dungeon Overview and Level Annotations

Branches:
Dungeon (9/15)             Temple (0/1) D:6          Bailey (visited)
   Lair: D:8-11         Orc: D:9-12

Altars:
Gozag
Hepliaklqana

Shops:
D:2 [   D:3 [:([[   D:6 :


Innate Abilities, Weirdness & Mutations

You cannot be hasted, slowed, berserked, paralysed or teleported.
You can dig through walls and to a lower floor.
You have a pair of large antennae on your head. (SInv)
Your four strong arms can wield two-handed weapons with a shield.


Message History

The elephant trunk-slaps you but does no damage.
The wyvern is distracted by your dazzling golden aura.
The elephant tramples you!
* * * LOW HITPOINT WARNING * * *
You hold your ground!
The elephant trunk-slaps you but does no damage.
You turn to flesh and can move again.
Unknown command.
Unknown command.
Unknown command.
Unknown command.
You feel drained.
You feel stronger.
You feel magic leave you.
Q - the +9 morningstar "Testudinebane" (weapon)
{antimagic, rCorr Str+5} The wyvern is no longer distracted by gold.
The elephant is distracted by your dazzling golden aura.
Unknown command.
Unknown command.
The elephant trumpets!
The wyvern hisses angrily.
You sock the elephant!
The elephant is no longer distracted by gold.
The elephant is almost dead.
The elephant tramples you.
* * * LOW HITPOINT WARNING * * *
You hold your ground!
The elephant closely misses you.
The wyvern is engulfed in blazing flames.
You sock the elephant!
The elephant is almost dead.
You block the elephant's attack.
The elephant trunk-slaps you but does no damage.
The elephant closely misses you.
The elephant trunk-slaps you but does no damage.
The wyvern bites you!
* * * LOW HITPOINT WARNING * * *
You puncture the elephant!
You kill the elephant!
The wyvern bites you!
You die...
Your body crumbles into a pile of gold.

#.#...........#.....####
..
#.#...........#.....####
...
#.#....###.####.........
#)####.#....# #.#
#......... #.....#....#
#.# #...##....
#.....#....# #.#
#...##....
#.....####.###.#
#.........
.P.#.....###.k....#
#.........
.........°.°.$@##.#
###[......
.........$.#<#.####
#......#
.........#.....#
#......#
....######.....#
#......# ... #.##..#
#......# PP
#....$..#######......# .
#####.#...............
#.#.#######.......
#####.....).


You could see a wyvern.

Vanquished Creatures
  Erica (D:8)
  Amaemon (D:8)
  An elephant (D:9)
  An orange demon (D:8)
  5 yaks (D:8)
  2 wyverns
  2 basilisks (D:9)
  An acid dragon (D:9)
  2 ice beasts
  A black bear (D:8)
  The ghost of hero57213 the Covered, an amateur MiFi (D:3)
  2 ogres
  7 wolves (Bailey)
  The ghost of dialectric the Trooper, an amateur GrFi of Lugonu (D:3)
  A phantom (D:5)
  The ghost of mitya21 the Changeling, an amateur OpSh (D:3)
  5 kobold brigands
  8 gnoll sergeants (Bailey)
  5 bullfrogs
  A scorpion (D:4)
  10 wights
  A howler monkey (D:9)
  2 bombardier beetles (D:6)
  8 hounds
  3 jellies
  8 gnoll boudas
  4 orc priests
  3 sleepcaps
  2 orc wizards
  8 iguanas
  20 gnolls
  5 adders
  A shadow imp (D:6)
  3 white imps
  A ribbon worm (D:2)
  4 dart slugs
  19 orcs
  6 endoplasms
  A giant cockroach (D:1)
  5 goblins
  6 hobgoblins
  4 jackals (D:1)
  4 quokkas
  12 ball pythons
  3 bats
  2 frilled lizards (D:1)
  28 kobolds
  7 rats
229 creatures vanquished.

Notes
Turn   | Place    | Note
-------+----------+-------------------------------------------
     0 | D:1      | hikkokomori the Formicid Fighter began the quest for the
                  | Orb.
     0 | D:1      | Reached XP level 1. HP: 18/18 MP: 1/1
   134 | D:1      | Reached XP level 2. HP: 24/24 MP: 2/2
   327 | D:1      | Reached XP level 3. HP: 30/30 MP: 3/3
  1004 | D:2      | Found Kozxun's Armour Shop.
  1127 | D:2      | Reached skill level 4 in Fighting
  1129 | D:2      | Reached XP level 4. HP: 33/37 MP: 4/4
  1621 | D:3      | Identified 2 scrolls of acquirement
  1621 | D:3      | Acquired the +2 longbow of Xewuoth {heavy, ^Drain rPois
                  | Int+5 Dex-2}
  1623 | D:3      | Acquired the +2 pair of gloves of Compression {+Blink}
  1640 | D:3      | Found Xiygh's Armour Boutique.
  1654 | D:3      | Reached skill level 5 in Shields
  1706 | D:3      | Found Unoso's Armour Boutique.
  1710 | D:3      | Found Kongao Modaa's Weapon Boutique.
  1711 | D:3      | Found Ututenoy's Antique Armour Shop.
  1742 | D:3      | Found a hazy altar of Hepliaklqana.
  1742 | D:3      | Found an opulent altar of Gozag.
  1870 | D:3      | Found Qoxawnom's Book Emporium.
  2028 | D:3      | Found a runed translucent gate.
  2028 | D:3      | Found a runed translucent gate.
  2028 | D:3      | Found a runed translucent gate.
  2029 | D:3      | Noticed mitya21's ghost (amateur OpSh)
  2030 | D:3      | Noticed hero57213's ghost (amateur MiFi)
  2030 | D:3      | Noticed dialectric's ghost (amateur GrFi)
  2217 | D:3      | Became a worshipper of Gozag Ym Sagoz the Greedy
  2320 | D:4      | Noticed a scorpion
  2321 | D:4      | Killed a scorpion
  2322 | D:4      | Reached skill level 1 in Ranged Weapons
  2322 | D:4      | Reached skill level 1 in Evocations
  2322 | D:4      | Reached XP level 5. HP: 43/43 MP: 6/6
  2344 | D:4      | Reached skill level 1 in Spellcasting
  2379 | D:4      | Reached XP level 6. HP: 34/49 MP: 7/7
  2517 | D:4      | Identified the ring of Departure {rElec rC+ rCorr Int+2}
  2982 | D:4      | Reached skill level 5 in Fighting
  3500 | D:3      | Bought a Young Poisoner's Handbook for 220 gold pieces
  3505 | D:3      | Learned a level 4 spell: Olgreb's Toxic Radiance
  3547 | D:3      | Killed hero57213's ghost
  3548 | D:3      | Reached skill level 1 in Alchemy
  3548 | D:3      | Reached XP level 7. HP: 48/56 MP: 10/10
  3555 | D:3      | Killed mitya21's ghost
  3685 | D:3      | Killed dialectric's ghost
  3768 | D:5      | Entered Level 5 of the Dungeon
  3814 | D:5      | Reached XP level 8. HP: 64/64 MP: 12/12
  3866 | D:5      | Reached skill level 6 in Fighting
  4279 | D:3      | Bought the +1 robe of the Fife {^Drain +Inv Fly Archmagi}
                  | for 332 gold pieces
  4464 | D:6      | Reached skill level 1 in Stealth
  4514 | D:6      | Found a staircase to the Ecumenical Temple.
  4548 | D:6      | Found Ruthoito's Vocational Training.
  4564 | D:6      | Reached skill level 1 in Dodging
  4568 | D:6      | Reached XP level 9. HP: 50/70 MP: 15/15
  4660 | D:6      | Reached skill level 5 in Alchemy
  5021 | D:6      | Reached skill level 7 in Fighting
  5031 | D:6      | Reached skill level 5 in Ranged Weapons
  5515 | D:7      | Reached skill level 5 in Spellcasting
  6296 | D:7      | Learned a level 3 spell: Inner Flame
  6324 | D:8      | Got Xohyurah's Directory of White Glamour
  6399 | D:8      | Found a flagged portal.
  6423 | D:8      | Reached skill level 1 in Hexes
  6423 | D:8      | Reached XP level 10. HP: 75/79 MP: 18/18
  6435 | Bailey   | Entered a bailey
  6438 | Bailey   | Reached skill level 1 in Fire Magic
  6730 | Bailey   | Reached skill level 5 in Stealth
  6987 | Bailey   | Reached skill level 8 in Fighting
  7076 | Bailey   | Identified the +9 morningstar "Testudinebane" {antimagic,
                  | rCorr Str+5}
  7258 | D:8      | Noticed Erica
  7264 | D:8      | Killed Erica
  7692 | D:8      | Reached XP level 11. HP: 28/87 MP: 14/20
  8084 | D:8      | Noticed Amaemon
  8094 | D:8      | Killed Amaemon
  8561 | D:9      | Noticed an elephant
  8587 | D:9      | Killed an elephant
  8587 | D:9      | Slain by a wyvern

Illustrated notes

Levels and vault maps discovered:
D:1:      matt_arrival_grand_opening, layout_basic, minivault_14
D:2:      layout_loops_ring, serial_shops, shop
D:3:      layout_rooms, nicolae_overflow_two_pavilions, serial_shops,
          nicolae_shop_back_alley_shop, shop, shop, nicolae_shop_waterfront,
          shop_fountains, gammafunk_ghost_cemetery, minmay_goblin_outpost
D:4:      layout_layer_cave
D:5:      layout_rooms
D:6:      layout_rooms, temple_pool_b, minmay_misc_feat_enclosed,
          nicolae_shop_vocational
D:7:      nicolae_BIG_FREAKIN_CUBE, layout_basic, moated_statue,
          kennysheep_generic_room_5
D:8:      layout_loops_cross, enter_bailey_6, uniq_erica, uniq_amaemon
D:9:      layout_basic, david_lair_generic

Skill      XL: |  1  2  3  4  5  6  7  8  9 10 11 |
---------------+----------------------------------+-----
Fighting       | 4 5 6 7 8 |  8.7
Armour         | 4 |  4.1
Shields        | 5 |  5.1
Ranged Weapons | 1 2 3 4 5 6 |  6.8
Evocations     | 1 2 3 |  3.7
Spellcasting   | 1 2 3 4 5 6 |  6.6
Alchemy        | 1 3 4 6 |  6.1
Stealth        | 1 4 6 |  6.8
Dodging        | 1 3 4 |  4.7
Hexes          | 1 3 4 |  4.5
Fire Magic     | 3 |  3.7
Axes           | |  2.0

Action                     |  1- 3 |  4- 6 |  7- 9 | 10-12 || total
---------------------------+-------+-------+-------+-------++-------
  Melee: War axe           |    97 |    17 |       |       ||   114
         Morningstar       |       |       |       |    20 ||    20
   Fire: Longbow           |       |   115 |   220 |   124 ||   459
   Cast: Inner Flame       |       |       |       |     5 ||     5
Ability: Dig               |       |     1 |     1 |       ||     2
    Use: Scroll            |       |     7 |     5 |     7 ||    19
 Armour: Scale mail        |    82 |    97 |    49 |       ||   228
         Robe              |       |       |    65 |   130 ||   195
  Dodge: Dodged            |    35 |    59 |    73 |    64 ||   231
  Block: Buckler           |    18 |    54 |    59 |    48 ||   179
